Map: 16-Bit LE

Players

A.I. 1 (Very Easy)

  • Race: Protoss Protoss
  • Spawn Location: 7:00

SpaceMeatpod

  • Race: Zerg Zerg
  • League: Diamond
  • Spawn Location: 1:00

VOD

Have the link to the VOD?

Description

Time

  • Played on: June 21, 2023, 7:39 p.m.
  • Length: 9:34
Show
View Real Time Build Order
Export as new Build Order

A.I. 1 (Very Easy) Protoss 

Build Orders: Nexus First 

Get SALT Encoding   

  12  0:00  Probe x12  
  12  0:06  Probe, Unknown  
  13  0:19  Probe  
  14  0:52  Nexus  
  14  0:59  Pylon  
  14  1:16  Assimilator  
  14  1:22  Gateway  
  14  1:27  Pylon  
  14  1:54  Assimilator  
  14  2:03  Zealot  
  14  2:04  Probe  
  15  2:15  Probe  
  18  2:19  Probe  
  19  2:26  Probe  
  20  2:37  Probe  
  21  2:41  Probe  
  22  3:49  Probe x12  
  22  4:01  Unknown  
  12  4:05  Probe  
  13  4:12  Probe x12  
  13  4:24  Unknown  
  12  4:27  Probe  
  13  4:39  Probe  
  14  5:11  Nexus  
  14  5:43  Pylon  
  14  5:49  Assimilator  
  14  5:59  Pylon  
  14  6:07  Gateway  
  14  6:15  Assimilator  
  14  6:29  Probe  
  14  6:39  Probe  
  15  6:44  Probe  
  16  6:51  Probe  
  17  6:56  Zealot  
  17  6:58  Probe  
  21  7:09  Probe  
  22  7:20  Probe  
  22  7:25  Pylon  
  23  7:30  Probe  
  23  7:33  Probe  
  25  7:44  Probe  
  25  7:46  Cybernetics Core  
  26  7:51  Probe  
  27  7:59  Probe  
  28  8:05  Probe  
  29  8:16  Stalker  
  29  8:24  Robotics Facility  
  31  9:13  Observer  
Show
View Real Time Build Order
Export as new Build Order

SpaceMeatpod Zerg 

Build Orders: Hatch First 

Get SALT Encoding   

  12  0:00  Overlord, Drone x12  
  12  0:06  Unknown  
  12  0:08  Drone  
  13  0:19  Overlord  
  13  0:24  Drone  
  14  0:37  Drone x2  
  14  0:41  Drone  
  17  1:03  Hatchery  
  16  1:06  Drone  
  16  1:08  Drone  
  18  1:12  Extractor  
  17  1:24  Spawning Pool  
  16  1:28  Drone  
  16  1:31  Drone  
  18  1:37  Drone  
  19  1:45  Drone  
  20  1:56  Drone  
  21  2:11  Zergling x2  
  21  2:14  Queen  
  21  2:15  Zergling x2  
  25  2:16  Queen  
  27  2:30  Metabolic Boost  
  27  2:40  Hatchery  
  27  2:42  Metabolic Boost  
  26  2:44  Overlord  
  26  2:48  Drone  
  26  2:51  Drone  
  28  3:06  Drone  
  28  3:07  Drone x4  
  28  3:10  Drone  
  36  3:30  Overlord  
  36  3:38  Baneling Nest  
  36  3:39  Drone  
  36  3:43  Overlord  
  38  3:49  Drone x12  
  34  4:01  Unknown x3  
  12  4:03  Drone  
  12  4:06  Overlord  
  14  4:10  Drone  
  14  4:12  Drone x12  
  14  4:15  Extractor  
  13  4:24  Unknown  
  12  4:25  Drone  
  13  4:36  Overlord  
  13  4:41  Drone  
  14  4:55  Drone x2  
  16  5:00  Drone  
  17  5:17  Hatchery  
  17  5:20  Drone  
  17  5:24  Drone  
  18  5:29  Extractor  
  17  5:40  Spawning Pool  
  17  5:42  Drone  
  17  5:46  Drone  
  18  5:52  Drone  
  19  6:03  Drone  
  20  6:13  Drone  
  21  6:27  Zergling x2  
  21  6:29  Queen  
  21  6:30  Queen, Zergling x2  
  27  6:37  Metabolic Boost  
  27  6:52  Hatchery  
  26  6:56  Overlord  
  26  7:00  Drone  
  27  7:02  Drone  
  28  7:14  Queen  
  30  7:16  Overlord  
  30  7:23  Drone x2  
  30  7:25  Drone  
  30  7:27  Drone  
  35  7:30  Drone  
  35  7:32  Drone  
  36  7:41  Overlord  
  36  7:43  Drone x2  
  38  7:46  Drone  
  38  7:49  Drone  
  38  7:50  Drone  
  41  7:58  Drone x3  
  44  8:04  Drone x3  
  47  8:11  Drone  
  47  8:12  Drone x2  
  50  8:15  Baneling Nest  
  49  8:20  Drone  
  49  8:26  Drone x5  
  55  8:30  Drone  
  56  8:36  Drone  
  56  8:38  Overlord  
  57  8:48  Drone  
  58  8:52  Overlord x2  
  58  8:57  Evolution Chamber  
  58  8:58  Evolution Chamber  
  58  8:59  Drone x2  
  58  9:06  Drone x4  
  58  9:07  Drone x2  
  58  9:09  Overlord x2  
  66  9:17  Extractor  
Tags
 
Add a new tag
Caveats
  • Supply blocks, unpowered buildings, or Contaminate may cause inaccurate times.
  • Supply counts are checked every 10 seconds.